 Dungeon Crawl Stone Soup version 0.31.0-12-g77e489cdc1 (webtiles) character file.

Game seed: 2546049334877077106

9698 SporkKnight the Fighter (level 11, -3/80 HPs)
             Began as an Octopode Shapeshifter on Mar 7, 2024.
             Was an Initiate of Gozag.
             Slain by a komodo dragon (11 damage)
             ... on level 11 of the Dungeon.
             The game lasted 00:17:48 (12733 turns).

SporkKnight the Fighter (Octopode Shapeshifter)    Turns: 12733, Time: 00:17:48

Health: -3/80      AC:  1    Str: 14    XL:     11   Next: 50%
Magic:  11/11      EV: 21    Int: 13    God:    Gozag
Gold:   1648       SH:  0    Dex: 15    Spells: 10/10 levels left

rFire   . .          .
                       - Unarmed
rCold   + . .        (shield currently unavailable)
rNeg    . . .        (helmet restricted)
rPois   .            (no amulet)
rElec   .            C - ring of protection from cold
rCorr   .            (no ring)
SInv    .            (no ring)
Will    .....        (no ring)
Stlth   +            (no ring)
HPRegen 0.33/turn    (no ring)
MPRegen 0.12/turn    (no ring)
                     (no ring)

%: no passive effects
@: flux-form, gold aura, glowing
A: glow, contaminating, almost no armour, amphibious, 8 rings, camouflage 1,
gelatinous body 1, (nimble swimmer 1), tentacles
a: Begin Untransformation, Renounce Religion, Potion Petition, Call Merchant,
Bribe Branch


You were on level 11 of the Dungeon.
You worshipped Gozag.
Gozag was most pleased with you.
You were something dangerously unstable.
You visited 1 branch of the dungeon, and saw 11 of its levels.

You collected 1768 gold pieces.
You paid 120 gold pieces to Gozag.


Innate Abilities, Weirdness & Mutations

You are something dangerously unstable.
You glow with magical radiation, making you easy to see and hit.
Foes you strike become dangerously contaminated with magical radiation.
You are incapable of wielding weapons or throwing items.
You cannot wear most types of armour.
You are amphibious.
You can wear up to eight rings at the same time.
Your skin changes colour to match your surroundings (Stealth+).
Your rubbery body absorbs attacks. (AC +1, EV +1)
((You are camouflaged when in or above water. (Stealth+)))
You have tentacles for arms and can constrict up to eight enemies at once.


   Skills:
 + Level 9.6 Fighting
 + Level 8.0 Dodging
 + Level 9.5 Unarmed Combat
 - Level 5.0 Evocations
 - Level 8.0 Shapeshifting


You had 10 spell levels left.
You didn't know any spells.
Your spell library contained the following spells:

 Spells                   Type           Power      Damage    Failure   Level
 Magic Dart               Conj           0%         1d3       30%         1
 Necrotise                Necr           0%         1d4       30%         1
 Blink                    Tloc           0%         N/A       43%         2
 Call Imp                 Summ           0%         N/A       43%         2
 Mercury Vapours          Alch/Air       0%         N/A       43%         2
 Fugue of the Fallen      Necr           0%         N/A       67%         3
 Gell's Gravitas          Tloc           0%         N/A       67%         3
 Mephitic Cloud           Conj/Alch/Air  0%         N/A       67%         3
 Ozocubu's Armour         Ice            0%         N/A       67%         3
 Teleport Other           Tloc           0%         N/A       67%         3
 Vampiric Draining        Necr           0%         2d6       67%         3
 Manifold Assault         Tloc           0%         N/A       97%         4
 Martyr's Knell           Necr/Summ      0%         N/A       97%         4
 Summon Blazeheart Golem  Fire/Summ      0%         N/A       97%         4
 Curse of Agony           Necr           0%         N/A       100%        5
 Freezing Cloud           Conj/Ice/Air   0%         6-21      100%        5
 Dispersal                Tloc           0%         N/A       100%        6
 Orb of Destruction       Conj           0%         9d5       100%        7
 Spellforged Servitor     Conj/Summ      0%         N/A       100%        7

Inventory:

Missiles
 l - 42 poisoned darts (quivered)
Armour
 j - a +0 buckler
Magical Staves
 s - a staff of death {!a}
Jewellery
 C - a ring of protection from cold (left tentacle)
Talismans
 b - a beast talisman
 c - a flux talisman (active)
Wands
 a - a wand of mindburst (4)
 o - a wand of acid (11)
 v - a wand of flame (8)
 y - a wand of iceblast (14)
 B - a wand of digging (6)
Scrolls
 d - 3 scrolls of amnesia {unknown}
 e - 6 scrolls of teleportation {@r2}
 f - 3 scrolls of fear {unknown}
 h - 2 scrolls of vulnerability {unknown}
 i - 2 scrolls of poison {unknown}
 k - 2 scrolls of enchant armour {unknown}
 p - a scroll of immolation {unknown}
 q - 6 scrolls of revelation {unknown}
 r - 2 scrolls of enchant weapon {unknown}
 x - a scroll of noise {unknown}
 A - 3 scrolls of fog {unknown}
 D - 2 scrolls of blinking {unknown}
Potions
 g - 4 potions of brilliance
 m - a potion of cancellation {unknown}
 n - 4 potions of berserk rage {!q}
 t - 2 potions of curing {@q1}
 u - a potion of magic
 w - 2 potions of mutation
 z - a potion of invisibility
 E - a potion of might {unknown}
 F - a potion of attraction
 G - a potion of haste {@q3}
 H - a potion of lignification

Dungeon Overview and Level Annotations

Branches:
Dungeon (11/15)            Temple (0/1) D:7            Lair (0/5) D:10
    Orc: D:9-12

Altars:
Ashenzari
Fedhas
Gozag
Kikubaaqudgha
Makhleb
Nemelex Xobeh
Ru
Sif Muna
The Shining One

Annotations:
D:5 2 transporters, rutigerpupkin's ghost, novice GrEE

▒..........▒▒
............▒
..▒........▒▒
.▒.▒.......▒
...▒..▒....▒▒
.▒ ▒▒▒▒.....▒
▒.▒...▒.▒
▒.....▒.▒.▒
▒p▒........
▒▒l▒▒......
▒KK▒$▒.......
▒.KK O.▒......
▒54K ▒▒▒▒▒....
....O ....
...... ..
.........▒.K..
............K
.


You could see a two-headed ogre and a komodo dragon (misshapen, corroded).


Message History

You feel sick. The komodo dragon barely misses you.
Unknown command.
You tentacle-slap the komodo dragon but do no damage.
The komodo dragon shudders as magic cascades through it.
The komodo dragon twists and deforms.
Your squeeze misses the komodo dragon.
The komodo dragon is moderately wounded.
You feel sick.
The komodo dragon is distracted by your dazzling golden aura.
Unknown command.
Unknown command.
Aiming: Corrosive Bolt
Press: ? - help, Shift-Dir - straight line, f - kobold
Aim: a kobold, wielding a +0 club (67% to hit)
The bolt of acid hits the komodo dragon!!
The acid corrodes the komodo dragon!
The komodo dragon is severely wounded.
The komodo dragon is no longer distracted by gold.
The komodo dragon hisses angrily.
The bolt of acid hits the kobold!
The acid corrodes the kobold!
You kill the kobold!
You feel sick. The komodo dragon bites you.
* * * LOW HITPOINT WARNING * * *
Unknown command.
You completely miss the komodo dragon.
The komodo dragon is severely wounded.
You feel sick.
You are no longer poisoned.
The komodo dragon bites you!
You die...
Your body crumbles into a pile of gold.

Skill      XL: |  1  2  3  4  5  6  7  8  9 10 11 |
---------------+----------------------------------+-----
Fighting       | 2 3 4 5 6 7 8 9 |  9.6
Evocations     | 1 2 3 5 |  5.0
Unarmed Combat | 5 7 8 9 |  9.5
Shapeshifting  | 4 7 8 |  8.0
Dodging        | 3 6 8 |  8.0

Action                     |  1- 3 |  4- 6 |  7- 9 | 10-12 || total
---------------------------+-------+-------+-------+-------++-------
  Melee: Unarmed           |    90 |    52 |   255 |   330 ||   727
         Constrict         |    22 |    13 |    58 |    63 ||   156
         Tentacles         |     8 |    15 |    67 |   105 ||   195
         Punch             |       |     4 |     6 |       ||    10
  Throw: Dart              |       |       |     4 |       ||     4
  Evoke: Wand              |       |     6 |     6 |     4 ||    16
    Use: Scroll            |     1 |       |       |     8 ||     9
         Potion            |       |       |     1 |     1 ||     2
   Stab: Sleeping          |     7 |     3 |     6 |       ||    16
         Distracted        |       |       |       |     1 ||     1
 Armour: Skin              |    30 |    20 |   130 |   145 ||   325
  Dodge: Dodged            |    52 |    14 |   150 |   285 ||   501
   Form: Flux              |       |       |     1 |       ||     1

Levels and vault maps discovered:
D:1:      amcnicky_arrival_feature_with_door, layout_basic,
          shapermc_ecumenical_altar_mp_urbaneastern, minmay_lizard_pond
D:2:      layout_basic
D:3:      layout_loops_ring, general_overflow_altar, minmay_fountain_box
D:4:      layout_loops_ring, nicolae_ru_the_path_less_chosen, uniq_natasha
D:5:      minmay_opposing_rooms, layout_loops_ring, portal_sewer_entry_f,
          gammafunk_ghost_mausoleum, uniq_pikel, uniq_eustachio,
          uniq_blork_the_orc
D:6:      layout_loops_ring, nicolae_overflow_hallway_of_the_gods
D:7:      layout_loops_corners, minmay_temple_entry_drinking_statues
D:8:      layout_loops_ring
D:9:      layout_cave_pools, hangedman_abyss_or_decor_clamps,
          grunt_ministairs_10, uniq_erolcha
D:10:     minmay_ornate_pinched, layout_cave_pods, lair_entry_dummy,
          nicolae_figureground_pulse
D:11:     layout_big_octagon

Notes
Turn   | Place    | Note
-------+----------+-------------------------------------------
     0 | D:1      | SporkKnight the Octopode Shapeshifter began the quest for
                  | the Orb.
     0 | D:1      | Reached XP level 1. HP: 13/13 MP: 1/1
   109 | D:1      | Reached skill level 2 in Fighting
   109 | D:1      | Reached XP level 2. HP: 19/19 MP: 2/2
   331 | D:1      | Reached XP level 3. HP: 25/25 MP: 3/3
   407 | D:1      | Reached skill level 3 in Fighting
   471 | D:1      | Found a faded altar of an unknown god.
  1805 | D:3      | You fall into a shaft and drop 1 floor!
  1911 | D:4      | Noticed Natasha
  1916 | D:4      | Killed Natasha
  1917 | D:4      | Reached skill level 1 in Evocations
  1917 | D:4      | Reached XP level 4. HP: 24/33 MP: 4/4
  2031 | D:3      | Found a sparkling altar of Nemelex Xobeh.
  2127 | D:3      | Reached skill level 4 in Fighting
  2130 | D:3      | Reached skill level 2 in Evocations
  2541 | D:4      | Reached XP level 5. HP: 37/37 MP: 5/5
  2579 | D:4      | Noticed Natasha
  2592 | D:4      | Killed Natasha
  2620 | D:4      | Reached skill level 3 in Evocations
  2841 | D:4      | Noticed Natasha
  2848 | D:4      | Killed Natasha
  2987 | D:4      | Found a sacrificial altar of Ru.
  3057 | D:5      | Entered Level 5 of the Dungeon
  3057 | D:5      | Noticed an ogre
  3059 | D:5      | Killed an ogre
  3060 | D:5      | Reached skill level 5 in Fighting
  3060 | D:5      | Reached XP level 6. HP: 45/45 MP: 6/6
  3106 | D:5      | Noticed Pikel
  3116 | D:5      | Killed Pikel
  3117 | D:5      | Reached skill level 6 in Fighting
  3117 | D:5      | Reached skill level 5 in Unarmed Combat
  3117 | D:5      | Reached XP level 7. HP: 26/52 MP: 7/7
  3228 | D:5      | Reached skill level 4 in Shapeshifting
  3291 | D:5      | Noticed Blork the orc
  3300 | D:5      | Killed Blork the orc
  3303 | D:5      | Reached XP level 8. HP: 26/57 MP: 8/8
  3498 | D:5      | Reached skill level 5 in Shapeshifting
  3748 | D:5      | Reached skill level 6 in Shapeshifting
  4075 | D:5      | Found a transporter.
  4077 | D:5      | Noticed rutigerpupkin's ghost (novice GrEE)
  4172 | D:5      | Noticed Eustachio
  4175 | D:5      | Reached skill level 7 in Shapeshifting
  4206 | D:5      | Killed Eustachio
  4207 | D:5      | Reached XP level 9. HP: 25/63 MP: 9/9
  4408 | D:5      | Found a transporter.
  4696 | D:6      | Found a glowing golden altar of the Shining One.
  4707 | D:5      | Reached skill level 6 in Unarmed Combat
  4757 | D:6      | Reached skill level 7 in Fighting
  5272 | D:6      | Reached skill level 7 in Unarmed Combat
  5469 | D:6      | Found a burning altar of Makhleb.
  5475 | D:6      | Found a shimmering blue altar of Sif Muna.
  5476 | D:6      | Found a blossoming altar of Fedhas.
  5478 | D:6      | Found an ancient bone altar of Kikubaaqudgha.
  5478 | D:6      | Found an opulent altar of Gozag.
  5479 | D:6      | Found a broken altar of Ashenzari.
  5490 | D:6      | Became a worshipper of Gozag Ym Sagoz the Greedy
  5814 | D:7      | Found a staircase to the Ecumenical Temple.
  6304 | D:7      | Reached skill level 3 in Dodging
  6983 | D:8      | Reached XP level 10. HP: 51/72 MP: 10/10
  7405 | D:8      | Reached skill level 4 in Dodging
  7413 | D:8      | Reached skill level 8 in Unarmed Combat
  7591 | D:8      | Reached skill level 8 in Fighting
  7595 | D:8      | Reached skill level 8 in Shapeshifting
  7975 | D:8      | Reached skill level 5 in Dodging
  8746 | D:9      | Noticed Erolcha
  8927 | D:8      | Reached skill level 4 in Evocations
  9407 | D:9      | Reached skill level 6 in Dodging
  9421 | D:9      | Reached skill level 5 in Evocations
  9427 | D:9      | HP: 3/72 [orc/+0 trident (7)]
  9428 | D:9      | HP: 1/72 [orc/+0 trident (2)]
  9522 | D:9      | Killed Erolcha
 10047 | D:9      | Reached XP level 11. HP: 13/78 MP: 11/11
 10532 | D:10     | Entered Level 10 of the Dungeon
 10618 | D:10     | Reached skill level 7 in Dodging
 10997 | D:10     | Reached skill level 9 in Fighting
 10997 | D:10     | Reached skill level 9 in Unarmed Combat
 12263 | D:10     | Noticed a two-headed ogre
 12320 | D:10     | Killed a two-headed ogre
 12502 | D:10     | Found a staircase to the Lair.
 12724 | D:11     | Reached skill level 8 in Dodging
 12724 | D:11     | Noticed a two-headed ogre
 12732 | D:11     | HP: 8/80 [komodo dragon (4)]
 12733 | D:11     | Slain by a komodo dragon

Vanquished Creatures
  Erolcha (D:9)
  A two-headed ogre (D:10)
  Pikel (D:5)
  An unseen horror (D:10)
  An efreet (D:10)
  A kobold demonologist (D:11)
  2 trolls (D:10)
  2 wraiths
  Eustachio (D:5)
  6 wyverns
  6 yaks
  A shadow (D:9)
  A vampire mosquito (D:10)
  A water moccasin (D:7)
  An acid dragon (D:10)
  3 orc warriors
  An ice beast (D:5)
  2 ogres (D:5)
  A sky beast (D:8)
  6 centaurs
  3 phantoms
  6 kobold brigands
  2 lemures (D:5)
  Blork the orc (D:5)
  A bullfrog (D:5)
  2 gnoll sergeants
  5 scorpions
  4 wights (D:7)
  6 killer bees (D:7)
  5 howler monkeys (D:7)
  4 orc priests
  3 sleepcaps
  A gnoll bouda (D:8)
  4 hounds (D:5)
  4 iguanas
  Natasha (thrice) (D:4)
  10 orc wizards
  25 gnolls
  4 adders
  A shadow imp (D:6)
  2 white imps
  An ufetubus (D:5)
  3 ribbon worms
  37 orcs
  9 ball pythons
  11 endoplasms
  5 giant cockroaches
  3 goblins
  5 hobgoblins
  17 kobolds
  5 quokkas
  7 bats
  11 frilled lizards
  5 rats
255 creatures vanquished.

Table legend: (Time is in decaauts)
 A = Elapsed time spent in this place.
 B = Non-inter-level travel time spent in this place.
 C = Inter-level travel time spent in this place.
 D = Time resting spent in this place.
 E = Time spent auto-exploring this place.
 F = Levels seen in this place.
 G = Mean time per level.
                   A        B        C        D        E       F      G
               +--------+--------+--------+--------+--------+-----+--------+
         Total |  12651 |  12168 |    483 |   3348 |   6964 |  11 | 1150.1 |
       Dungeon |  12651 |  12168 |    483 |   3348 |   6964 |  11 | 1150.1 |
               +--------+--------+--------+--------+--------+-----+--------+

Top non-repeatable levels by time:
    D:10: 2106 daAuts
     D:7: 1816 daAuts
     D:5: 1803 daAuts
     D:9: 1636 daAuts
     D:8: 1416 daAuts
     D:2: 905 daAuts
     D:6: 781 daAuts
     D:4: 763 daAuts
     D:3: 710 daAuts
     D:1: 669 daAuts
    D:11: 42 daAuts

Table legend:
 A = Non-vault XP
 B = Vault XP
 C = Vault XP percentage of total XP
 D = Non-vault monster count
 E = Vault monster count
 F = Vault count percentage of total count
                 A         B        C        D         E       F
            +---------+---------+-------+---------+---------+-------
      Total |    8822 |    5033 |  36.3 |     206 |      47 |  18.6
            +---------+---------+-------+---------+---------+-------
        D:1 |      39 |       9 |  18.8 |      23 |       9 |  28.1
        D:2 |      17 |       0 |   0.0 |      11 |       0 |   0.0
        D:3 |      56 |       0 |   0.0 |      13 |       0 |   0.0
        D:4 |     114 |      35 |  23.5 |      15 |       1 |   6.2
        D:5 |     916 |    1385 |  60.2 |      21 |      18 |  46.2
        D:6 |     516 |       0 |   0.0 |      18 |       0 |   0.0
        D:7 |    1503 |       0 |   0.0 |      30 |       0 |   0.0
        D:8 |    1254 |     296 |  19.1 |      30 |       5 |  14.3
        D:9 |    2221 |     877 |  28.3 |      28 |       2 |   6.7
       D:10 |    1809 |    2431 |  57.3 |      15 |      12 |  44.4
       D:11 |     377 |       0 |   0.0 |       2 |       0 |   0.0
            +---------+---------+-------+---------+---------+-------
